Gulls vs Canucks
Created - February 2, 2025 at 11:15
Goals
|
| Gulls |
0 |
1 |
1 |
2 |
| Canucks |
1 |
3 |
1 |
5 |
|
Shots
|
| Gulls |
10 |
9 |
12 |
31 |
| Canucks |
10 |
20 |
5 |
35 |
|
1st period
1. Canucks , Nicolas Petan 19 (Curtis Lazar 34) at 15:20 (PP)
Penalties :
Mackenzie MacEachern (Abb) for Interference (Minor) at 3:59, Anton Blidh (S.D) for Interference (Minor) at 15:11, Logan Brown (S.D) for Slashing (Minor) at 19:28
2nd period
2. Canucks , Curtis Lazar 21 (Nicolas Petan 45, Trevor Moore 7) at 4:08
3. Canucks , Dan Renouf 3 (Nicolas Petan 46, Curtis Lazar 35) at 14:47 (PP)
4. Gulls , Sergey Tolchinsky 14 (Morgan Frost 20, Troy Terry 6) at 15:30
5. Canucks , Dan Renouf 4 (Adam Ollas-Mattsson 24, Juho Lammikko 21) at 16:20
Penalties :
Juho Lammikko (Abb) for Cross-checking (Minor) at 5:15, Sergey Tolchinsky (S.D) for Slashing (Minor) at 14:29
3rd period
6. Canucks , Nicolas Petan 20 (Daniil Miromanov 9) at 14:34
7. Gulls , Jakub Vrana 23 (Dean Kukan 17, Andrei Mironov 9) at 16:06
Penalties :
Axel Holmstrom (Abb) for Cross-checking (Minor) at 0:05, Tobias Lindberg (Abb) for Delaying the game (Minor) at 10:15, Nicolas Petan (Abb) for Interference (Minor) at 12:28, Sergey Tolchinsky (S.D) for Interference (Minor) at 19:16
Goalie Stats
Louis Domingue (S.D), 30 saves from 35 shots - (0.857), L, 14-9-7, 60:00 minutes
Thatcher Demko (Abb), 29 saves from 31 shots - (0.935), W, 22-9-2, 60:00 minutes
Players Stats for Gulls
Player Name G A P +/- PIM S H SB GA TA FO MP PP MP PK MP
------------------------------------------------------------------------------------
Andrei Mironov 0 1 1 -2 0 3 2 0 0 2 0/0 25:34 5:48 0:00
Anton Blidh 0 0 0 -1 2 3 2 1 0 1 1/2 21:45 5:04 1:18
Barrett Hayton 0 0 0 -1 0 0 1 0 0 0 2/2 8:28 0:19 0:17
Connor Clifton 0 0 0 0 0 0 0 0 0 0 0/0 12:08 0:00 0:54
Dean Kukan 0 1 1 -2 0 2 0 1 0 2 0/0 27:49 5:48 2:15
Dylan DeMelo 0 0 0 1 0 2 0 1 1 1 0/0 21:06 4:07 0:54
Francis Perron 0 0 0 0 0 1 0 0 0 0 0/1 8:04 0:15 0:00
Jack Glover 0 0 0 1 0 4 3 0 0 0 0/0 20:03 4:07 0:00
Jakub Vrana 1 0 1 0 0 3 1 1 0 0 1/2 20:24 5:03 0:00
Logan Brown 0 0 0 0 2 2 3 0 1 0 8/26 20:20 5:00 0:00
Luke Kunin 0 0 0 0 0 1 3 0 2 0 4/12 14:47 0:00 2:26
Mikhail Maltsev 0 0 0 0 0 3 1 1 0 0 0/0 12:21 0:00 0:00
Morgan Frost 0 1 1 0 0 0 2 0 0 0 7/12 16:24 4:36 0:26
Nick Merkley 0 0 0 -1 0 1 1 0 0 0 0/0 8:08 0:16 0:00
Scott Wilson 0 0 0 0 0 1 2 0 1 0 0/0 12:47 0:00 0:26
Sergey Tolchinsky 1 0 1 0 4 1 1 0 0 0 1/1 17:21 4:36 1:25
Tarmo Reunanen 0 0 0 0 0 1 1 3 0 0 0/0 13:20 0:00 2:15
Troy Terry 0 1 1 0 0 3 2 0 1 1 0/1 15:58 4:36 0:00
Players Stats for Canucks
Player Name G A P +/- PIM S H SB GA TA FO MP PP MP PK MP
------------------------------------------------------------------------------------
Adam Ollas-Mattsson 0 1 1 0 0 3 3 3 0 0 0/0 29:30 1:59 5:51
Aleksi Heponiemi 0 0 0 0 0 0 1 0 0 0 3/8 12:31 0:00 2:21
Axel Holmstrom 0 0 0 0 2 2 3 1 0 0 7/15 17:24 1:18 3:32
C.J. Smith 0 0 0 0 0 0 5 0 0 0 0/0 10:24 0:00 0:14
Charles Hudon 0 0 0 0 0 0 0 0 0 0 0/0 10:00 0:00 3:07
Curtis Lazar 1 2 3 0 0 9 2 0 2 0 3/3 19:01 1:51 0:00
Dan Renouf 2 0 2 0 0 4 0 3 2 1 0/0 29:30 1:59 5:51
Daniil Miromanov 0 1 1 0 0 0 3 0 0 0 0/0 20:34 1:10 4:04
Guillaume Brisebois 0 0 0 0 0 0 2 0 0 2 0/0 20:34 1:10 4:04
Jack Rathbone 0 0 0 1 0 0 0 0 0 0 0/0 9:56 0:00 0:00
Juho Lammikko 0 1 1 0 2 1 0 1 1 0 0/1 13:39 1:18 0:00
Lane Pederson 0 0 0 1 0 0 0 1 1 0 1/2 7:09 0:00 0:22
Mackenzie MacEachern 0 0 0 1 2 1 2 1 0 0 0/0 15:51 1:18 1:40
Nicolas Petan 2 2 4 1 2 9 0 0 1 1 20/28 23:17 1:51 3:43
Tobias Lindberg 0 0 0 0 2 1 0 0 0 0 0/0 6:53 0:00 0:00
Trevor Moore 0 1 1 0 0 2 1 3 0 2 1/2 23:52 1:51 4:51
Will Borgen 0 0 0 1 0 0 1 0 0 0 0/0 9:56 0:00 0:00
William Lockwood 0 0 0 0 0 3 1 1 0 0 0/0 9:59 0:00 0:00
3 Stars
1 - Nicolas Petan (Abb)
2 - Curtis Lazar (Abb)
3 - Dan Renouf (Abb)
Power Play
Gulls - 0 on 5 Attempt(s) - 0.00%
Canucks - 2 on 4 Attempt(s) - 50.00%
Penalty Kill
Gulls - 2 on 4 Attempt(s) - 50.00%
- Score 0 goal in Penalty Kill
Canucks - 5 on 5 Attempt(s) - 100.00%
- Score 0 goal in Penalty Kill
Team Stat
Gulls - Hits : 25 - Faceoff Wins : 24 - Blocked Shots : 8 - Penalty Minutes : 8
Canucks - Hits : 24 - Faceoff Wins : 35 - Blocked Shots : 14 - Penalty Minutes : 10
Official
Referees : Jacob Brenk and Kelly Sutherland
Linesman : Jesse Marquis and David Brisebois
Game Notes
No Game Note
Finance
Level 1 -- Attendance: 1928 (96.40%) -- Ticket Income $134,960
Level 2 -- Attendance: 1000 (100.00%) -- Ticket Income $40,000
Total Attendance: 2928 (97.60%)
Total Ticket Income: $174,960
Other Income: $8,748
Total Income: $183,708
Gulls
5 vs 5 Forward
Center Left Wing Right Wing Time % Phy DF OF
1 Logan Brown Anton Blidh Jakub Vrana 35 0 2 3
2 Morgan Frost Sergey Tolchinsky Troy Terry 30 0 2 3
3 Luke Kunin Mikhail Maltsev Scott Wilson 25 0 2 3
4 Barrett Hayton Francis Perron Nick Merkley 10 1 2 2
5 vs 5 Defense
Defense Defense Time % Phy DF OF
1 Dean Kukan Andrei Mironov 40 1 2 2
2 Dylan DeMelo Jack Glover 30 1 2 2
3 Connor Clifton Tarmo Reunanen 20 1 2 2
4 Dean Kukan Andrei Mironov 10 1 2 2
PowerPlay Forward
Center Left Wing Right Wing Time % Phy DF OF
1 Logan Brown Anton Blidh Jakub Vrana 60 0 1 4
2 Morgan Frost Sergey Tolchinsky Troy Terry 40 0 1 4
PowerPlay Defense
Defense Defense Time % Phy DF OF
1 Dean Kukan Andrei Mironov 60 1 2 2
2 Dylan DeMelo Jack Glover 40 1 2 2
Penalty Kill 4 Players Forward
Center Wing Time % Phy DF OF
1 Luke Kunin Sergey Tolchinsky 60 1 2 2
2 Morgan Frost Scott Wilson 40 1 2 2
Penalty Kill 4 Players Defense
Defense Defense Time % Phy DF OF
1 Dean Kukan Tarmo Reunanen 60 1 2 2
2 Dylan DeMelo Connor Clifton 40 1 2 2
Penalty Kill - 3 Players Forward
Forward Time % Phy DF OF
1 Barrett Hayton 60 1 2 2
2 Morgan Frost 40 1 2 2
Penalty Kill - 3 Players Defense
Defense Defense Time % Phy DF OF
1 Connor Clifton Andrei Mironov 60 1 2 2
2 Tarmo Reunanen Jack Glover 40 1 2 2
4 vs 4 Forward
Center Wing Time % Phy DF OF
1 Logan Brown Scott Wilson 60 1 2 2
2 Morgan Frost Troy Terry 40 1 2 2
4 vs 4 Defense
Defense Defense Time % Phy DF OF
1 Connor Clifton Tarmo Reunanen 60 1 2 2
2 Dylan DeMelo Jack Glover 40 1 2 2
Last Minutes Offensive
Center Left Wing Right Wing Defense Defense
Logan Brown Anton Blidh Jakub Vrana Dean Kukan Andrei Mironov
Last Minutes Defensive
Center Left Wing Right Wing Defense Defense
Logan Brown Anton Blidh Jakub Vrana Dean Kukan Andrei Mironov
Goaltenders
Starting : Louis Domingue
Backup : Eamon McAdam
Extra Forwards
Normal : Anton Blidh, Jakub Vrana, Scott Wilson - PP : Jakub Vrana, Anton Blidh - PK : Sergey Tolchinsky
Extra Defensemen
Normal : Connor Clifton, Tarmo Reunanen, Dean Kukan - PP : Connor Clifton - PK : Tarmo Reunanen, Dean Kukan
Penalty Shots
Jakub Vrana, Logan Brown, Scott Wilson, Anton Blidh, Sergey Tolchinsky
Custom OT Lines Forwards
Jakub Vrana, Logan Brown, Scott Wilson, Anton Blidh, Sergey Tolchinsky, Troy Terry, Morgan Frost, Luke Kunin, Mikhail Maltsev, Francis Perron
Custom OT Lines Defensemen
Dean Kukan, Andrei Mironov, Dylan DeMelo, Jack Glover, Connor Clifton
Scratches
Branden Troock (Healthy), Damien Giroux (Healthy), Jake Pivonka (Healthy), Henri Ikonen (Right Forearm Injury), Ryan Collins (Healthy)
Taylor Leier (Healthy), MacKenzie Entwistle (Healthy), Zack MacEwen (Healthy), Niklas Nordgren (Healthy), John Beecher (Healthy)
Massimo Rizzo (Healthy), Markus Niemelainen (Healthy), Drew Helleson (Healthy), Pavel Dorofeyev (Healthy), Alexis Gravel (Healthy)
Connor Ingram (Healthy), Mads Sogaard (Healthy)
Canucks
5 vs 5 Forward
Center Left Wing Right Wing Time % Phy DF OF
1 Nicolas Petan Trevor Moore Curtis Lazar 40 1 2 2
2 Axel Holmstrom Mackenzie MacEachern Juho Lammikko 30 1 2 2
3 Aleksi Heponiemi C.J. Smith William Lockwood 20 1 2 2
4 Lane Pederson Charles Hudon Tobias Lindberg 10 1 2 2
5 vs 5 Defense
Defense Defense Time % Phy DF OF
1 Adam Ollas-Mattsson Dan Renouf 40 1 2 2
2 Daniil Miromanov Guillaume Brisebois 30 1 2 2
3 Will Borgen Jack Rathbone 20 1 2 2
4 Adam Ollas-Mattsson Dan Renouf 10 1 2 2
PowerPlay Forward
Center Left Wing Right Wing Time % Phy DF OF
1 Nicolas Petan Trevor Moore Curtis Lazar 60 1 2 2
2 Axel Holmstrom Mackenzie MacEachern Juho Lammikko 40 1 2 2
PowerPlay Defense
Defense Defense Time % Phy DF OF
1 Adam Ollas-Mattsson Dan Renouf 60 1 2 2
2 Daniil Miromanov Guillaume Brisebois 40 1 2 2
Penalty Kill 4 Players Forward
Center Wing Time % Phy DF OF
1 Nicolas Petan Trevor Moore 60 1 2 2
2 Axel Holmstrom Mackenzie MacEachern 40 1 2 2
Penalty Kill 4 Players Defense
Defense Defense Time % Phy DF OF
1 Adam Ollas-Mattsson Dan Renouf 60 1 2 2
2 Daniil Miromanov Guillaume Brisebois 40 1 2 2
Penalty Kill - 3 Players Forward
Forward Time % Phy DF OF
1 Nicolas Petan 60 1 2 2
2 Axel Holmstrom 40 1 2 2
Penalty Kill - 3 Players Defense
Defense Defense Time % Phy DF OF
1 Adam Ollas-Mattsson Dan Renouf 60 1 2 2
2 Daniil Miromanov Guillaume Brisebois 40 1 2 2
4 vs 4 Forward
Center Wing Time % Phy DF OF
1 Nicolas Petan Trevor Moore 60 1 2 2
2 Axel Holmstrom Mackenzie MacEachern 40 1 2 2
4 vs 4 Defense
Defense Defense Time % Phy DF OF
1 Adam Ollas-Mattsson Dan Renouf 60 1 2 2
2 Daniil Miromanov Guillaume Brisebois 40 1 2 2
Last Minutes Offensive
Center Left Wing Right Wing Defense Defense
Nicolas Petan Trevor Moore Curtis Lazar Adam Ollas-Mattsson Dan Renouf
Last Minutes Defensive
Center Left Wing Right Wing Defense Defense
Nicolas Petan Trevor Moore Curtis Lazar Adam Ollas-Mattsson Dan Renouf
Goaltenders
Starting : Thatcher Demko
Backup : Casey DeSmith
Extra Forwards
Normal : Axel Holmstrom, Mackenzie MacEachern, C.J. Smith - PP : Axel Holmstrom, Mackenzie MacEachern - PK : Axel Holmstrom
Extra Defensemen
Normal : Guillaume Brisebois, Will Borgen, Jack Rathbone - PP : Guillaume Brisebois - PK : Guillaume Brisebois, Will Borgen
Penalty Shots
Curtis Lazar, Nicolas Petan, Juho Lammikko, Trevor Moore, Axel Holmstrom
Custom OT Lines Forwards
Curtis Lazar, Nicolas Petan, Juho Lammikko, Trevor Moore, Axel Holmstrom, Mackenzie MacEachern, C.J. Smith, William Lockwood, Charles Hudon, Aleksi Heponiemi
Custom OT Lines Defensemen
Adam Ollas-Mattsson, Dan Renouf, Daniil Miromanov, Guillaume Brisebois, Will Borgen
Scratches
Brandon Saigeon (Healthy), Jay O'Brien (Healthy), Simon Bourque (Healthy), William Lagesson (Healthy), Ryan Lomberg (Suspend)
Rasmus Asplund (Healthy), Aku Raty (Healthy), Jake Paterson (Healthy), Marek Langhamer (Healthy)
% Time on Ice - Gulls
Lines # - Real PCT - Wanted PCT - Time Play
Normal Forward
1 - 33% - 35% - 15:28
2 - 24% - 30% - 11:22
3 - 26% - 25% - 12:21
4 - 17% - 10% - 7:45
Normal Defense
1 - 38% - 40% - 17:56
2 - 34% - 30% - 16:05
3 - 24% - 20% - 11:05
4 - 4% - 10% - 1:50
PP Forward
1 - 54% - 60% - 5:19
2 - 46% - 40% - 4:36
PP Defense
1 - 58% - 60% - 5:48
2 - 42% - 40% - 4:07
PK Forward
1 - 86% - 60% - 2:43
2 - 14% - 40% - 0:26
PK Defense
1 - 71% - 60% - 2:15
2 - 29% - 40% - 0:54
PK3 Forward
1 - 0% - 60%
2 - 0% - 40%
PK3 Defense
1 - 0% - 60%
2 - 0% - 40%
44 Forward
1 - 0% - 60%
2 - 0% - 40%
44 Defense
1 - 0% - 60%
2 - 0% - 40%
Last Minute Offensive - 0:00
Last Minute Defensive - 0:00
Total
Forward - 60:00
Defense - 60:00
|
% Time on Ice - Canucks
Lines # - Real PCT - Wanted PCT - Time Play
Normal Forward
1 - 38% - 40% - 17:44
2 - 27% - 30% - 12:33
3 - 21% - 20% - 9:59
4 - 14% - 10% - 6:40
Normal Defense
1 - 41% - 40% - 19:24
2 - 33% - 30% - 15:20
3 - 21% - 20% - 9:56
4 - 5% - 10% - 2:16
PP Forward
1 - 59% - 60% - 1:51
2 - 41% - 40% - 1:18
PP Defense
1 - 63% - 60% - 1:59
2 - 37% - 40% - 1:10
PK Forward
1 - 79% - 60% - 7:52
2 - 21% - 40% - 2:03
PK Defense
1 - 59% - 60% - 5:51
2 - 41% - 40% - 4:04
PK3 Forward
1 - 0% - 60%
2 - 0% - 40%
PK3 Defense
1 - 0% - 60%
2 - 0% - 40%
44 Forward
1 - 0% - 60%
2 - 0% - 40%
44 Defense
1 - 0% - 60%
2 - 0% - 40%
Last Minute Offensive - 0:00
Last Minute Defensive - 0:00
Total
Forward - 60:00
Defense - 60:00
|
Play-by-Play
1st period
0:01 of 1st period - Nicolas Petan wins face-off versus Logan Brown in neutral zone.
1:21 of 1st period - Snap shot by Jack Glover.
1:21 of 1st period - Shot Misses the Net.
2:03 of 1st period - Slapshot by Anton Blidh.
2:03 of 1st period - Shot Blocked by Mackenzie MacEachern.
2:15 of 1st period - Scott Wilson is hit by Guillaume Brisebois and loses puck.
2:29 of 1st period - Icing by Daniil Miromanov.
2:30 of 1st period - Barrett Hayton wins face-off versus Aleksi Heponiemi in Canucks zone.
2:59 of 1st period - Slapshot by Luke Kunin.
2:59 of 1st period - Shot Misses the Net.
3:01 of 1st period - Wrist shot by Scott Wilson.
3:01 of 1st period - Stopped by Thatcher Demko with a rebound.
3:19 of 1st period - Snap shot by Francis Perron.
3:19 of 1st period - Shot Misses the Net.
3:21 of 1st period - Slapshot by Andrei Mironov.
3:21 of 1st period - Deflect By Daniil Miromanov.
3:21 of 1st period - Stopped by Thatcher Demko without a rebound.
3:22 of 1st period - Nicolas Petan wins face-off versus Francis Perron in Canucks zone.
3:27 of 1st period - Snap shot by Nick Merkley.
3:27 of 1st period - Shot Misses the Net.
3:35 of 1st period - Snap shot by Curtis Lazar.
3:35 of 1st period - Shot Misses the Net.
3:47 of 1st period - Sergey Tolchinsky is hit by Axel Holmstrom and loses puck.
3:59 of 1st period - Minor Penalty to Mackenzie MacEachern for Interference.
4:00 of 1st period - Logan Brown wins face-off versus Nicolas Petan in Canucks zone.
4:00 of 1st period - Snap shot by Anton Blidh.
4:00 of 1st period - Stopped by Thatcher Demko with a rebound.
4:16 of 1st period - Dan Renouf is hit by Anton Blidh and loses puck.
5:48 of 1st period - Jakub Vrana is hit by Aleksi Heponiemi and loses puck.
5:59 of 1st period - Penalty to Mackenzie MacEachern is over, Mackenzie MacEachern is back on ice.
6:26 of 1st period - Axel Holmstrom is hit by Nick Merkley and loses puck.
6:43 of 1st period - Curtis Lazar is hit by Luke Kunin and loses puck.
8:15 of 1st period - Morgan Frost is hit by Guillaume Brisebois and loses puck.
8:41 of 1st period - Nick Merkley is hit by Mackenzie MacEachern and loses puck.
8:54 of 1st period - Slapshot by Daniil Miromanov.
8:54 of 1st period - Shot Misses the Net.
8:56 of 1st period - Slapshot by Aleksi Heponiemi.
8:56 of 1st period - Shot Misses the Net.
8:58 of 1st period - Slapshot by Guillaume Brisebois.
8:58 of 1st period - Shot Misses the Net.
9:00 of 1st period - Slapshot by Guillaume Brisebois.
9:00 of 1st period - Deflect By William Lockwood.
9:00 of 1st period - Stopped by Louis Domingue without a rebound.
9:01 of 1st period - Luke Kunin wins face-off versus Lane Pederson in Gulls zone.
9:10 of 1st period - Slapshot by Jack Glover.
9:10 of 1st period - Stopped by Thatcher Demko without a rebound.
9:11 of 1st period - Lane Pederson wins face-off versus Luke Kunin in Canucks zone.
9:11 of 1st period - Lane Pederson is hit by Luke Kunin.
9:23 of 1st period - Wrist shot by Luke Kunin.
9:23 of 1st period - Shot Misses the Net.
9:25 of 1st period - Slapshot by Dylan DeMelo.
9:25 of 1st period - Shot Misses the Net.
9:27 of 1st period - Slapshot by Jack Glover.
9:27 of 1st period - Shot Misses the Net.
9:59 of 1st period - Snap shot by Scott Wilson.
9:59 of 1st period - Shot Misses the Net.
10:01 of 1st period - Slapshot by Mikhail Maltsev.
10:01 of 1st period - Shot Blocked by Adam Ollas-Mattsson.
10:03 of 1st period - Snap shot by Mikhail Maltsev.
10:03 of 1st period - Stopped by Thatcher Demko with a rebound.
10:05 of 1st period - Slapshot by Mikhail Maltsev.
10:05 of 1st period - Stopped by Thatcher Demko with a rebound.
10:07 of 1st period - Slapshot by Dylan DeMelo.
10:07 of 1st period - Stopped by Thatcher Demko with a rebound.
10:09 of 1st period - Slapshot by Jack Glover.
10:09 of 1st period - Stopped by Thatcher Demko without a rebound.
10:10 of 1st period - Nicolas Petan wins face-off versus Logan Brown in Canucks zone.
11:02 of 1st period - Barrett Hayton is hit by C.J. Smith and loses puck.
11:21 of 1st period - Logan Brown is hit by Curtis Lazar and loses puck.
12:17 of 1st period - Guillaume Brisebois is hit by Logan Brown and loses puck.
12:34 of 1st period - Nicolas Petan is hit by Jack Glover and loses puck.
13:57 of 1st period - Snap shot by Nick Merkley.
13:57 of 1st period - Shot Misses the Net.
13:59 of 1st period - Slapshot by Connor Clifton.
13:59 of 1st period - Shot Misses the Net.
14:01 of 1st period - Snap shot by Barrett Hayton.
14:01 of 1st period - Shot Misses the Net.
14:07 of 1st period - Wrist shot by Francis Perron.
14:07 of 1st period - Deflect By Nick Merkley.
14:07 of 1st period - Shot Misses the Net.
14:07 of 1st period - Puck is out of play.
14:08 of 1st period - Curtis Lazar wins face-off versus Logan Brown in Canucks zone.
14:19 of 1st period - Snap shot by Curtis Lazar.
14:19 of 1st period - Stopped by Louis Domingue with a rebound.
14:21 of 1st period - Slapshot by Guillaume Brisebois.
14:21 of 1st period - Shot Misses the Net.
14:51 of 1st period - Dylan DeMelo is hit by Axel Holmstrom and loses puck.
15:02 of 1st period - Wrist shot by William Lockwood.
15:02 of 1st period - Stopped by Louis Domingue without a rebound.
15:03 of 1st period - Aleksi Heponiemi wins face-off versus Luke Kunin in Gulls zone.
15:08 of 1st period - Slapshot by C.J. Smith.
15:08 of 1st period - Deflect By Luke Kunin.
15:08 of 1st period - Shot Hit the Post.
15:08 of 1st period - Puck is out of play.
15:09 of 1st period - Logan Brown wins face-off versus Nicolas Petan in Gulls zone.
15:11 of 1st period - Minor Penalty to Anton Blidh for Interference.
15:12 of 1st period - Nicolas Petan wins face-off versus Luke Kunin in Gulls zone.
15:20 of 1st period - Wrist shot by Nicolas Petan.
15:20 of 1st period - Goal by Nicolas Petan - Gulls : 0 - Canucks : 1.
15:21 of 1st period - Nicolas Petan wins face-off versus Logan Brown in neutral zone.
16:18 of 1st period - Snap shot by William Lockwood.
16:18 of 1st period - Shot Blocked by Mikhail Maltsev.
16:20 of 1st period - Slapshot by Adam Ollas-Mattsson.
16:20 of 1st period - Stopped by Louis Domingue with a rebound.
16:22 of 1st period - Slapshot by Dan Renouf.
16:22 of 1st period - Shot Misses the Net.
16:56 of 1st period - Guillaume Brisebois is hit by Jakub Vrana and loses puck.
17:24 of 1st period - Slapshot by Troy Terry.
17:24 of 1st period - Stopped by Thatcher Demko with a rebound.
17:26 of 1st period - Slapshot by Troy Terry.
17:26 of 1st period - Shot Misses the Net.
17:38 of 1st period - Mackenzie MacEachern is hit by Mikhail Maltsev and loses puck.
17:47 of 1st period - Snap shot by Juho Lammikko.
17:47 of 1st period - Deflect By Mackenzie MacEachern.
17:47 of 1st period - Stopped by Louis Domingue with a rebound.
18:07 of 1st period - Backhand shot by Jack Glover.
18:07 of 1st period - Deflect By William Lockwood.
18:07 of 1st period - Stopped by Thatcher Demko without a rebound.
18:08 of 1st period - Aleksi Heponiemi wins face-off versus Logan Brown in Canucks zone.
18:18 of 1st period - Off-side.
18:19 of 1st period - Curtis Lazar wins face-off versus Logan Brown in neutral zone.
18:45 of 1st period - Trevor Moore is hit by Luke Kunin.
19:09 of 1st period - Snap shot by Nicolas Petan.
19:09 of 1st period - Shot Misses the Net.
19:11 of 1st period - Slapshot by Adam Ollas-Mattsson.
19:11 of 1st period - Stopped by Louis Domingue with a rebound.
19:13 of 1st period - Snap shot by Curtis Lazar.
19:13 of 1st period - Stopped by Louis Domingue with a rebound.
19:15 of 1st period - Slapshot by Trevor Moore.
19:15 of 1st period - Shot Misses the Net.
19:17 of 1st period - Slapshot by Adam Ollas-Mattsson.
19:17 of 1st period - Deflect By Curtis Lazar.
19:17 of 1st period - Stopped by Louis Domingue with a rebound.
19:19 of 1st period - Wrist shot by Curtis Lazar.
19:19 of 1st period - Shot Misses the Net.
19:21 of 1st period - Slapshot by Adam Ollas-Mattsson.
19:21 of 1st period - Shot Blocked by Tarmo Reunanen.
19:23 of 1st period - Slapshot by Dan Renouf.
19:23 of 1st period - Shot Blocked by Tarmo Reunanen.
19:25 of 1st period - Backhand shot by Dan Renouf.
19:25 of 1st period - Stopped by Louis Domingue without a rebound.
19:26 of 1st period - Logan Brown wins face-off versus Axel Holmstrom in Gulls zone.
19:28 of 1st period - Minor Penalty to Logan Brown for Slashing.
19:29 of 1st period - Axel Holmstrom wins face-off versus Luke Kunin in Gulls zone.
Goals for this period are 0 for Gulls vs 1 for Canucks.
Shots for this period are 10 for Gulls vs 10 for Canucks.
2nd period
0:01 of 2nd period - Nicolas Petan wins face-off versus Luke Kunin in neutral zone.
0:36 of 2nd period - Wrist shot by Axel Holmstrom.
0:36 of 2nd period - Stopped by Louis Domingue with a rebound.
1:24 of 2nd period - Slapshot by Morgan Frost.
1:24 of 2nd period - Shot Blocked by Axel Holmstrom.
1:28 of 2nd period - Penalty to Logan Brown is over, Logan Brown is back on ice.
1:57 of 2nd period - Icing by William Lockwood.
1:58 of 2nd period - Aleksi Heponiemi wins face-off versus Logan Brown in Canucks zone.
2:23 of 2nd period - Nicolas Petan is hit by Morgan Frost and loses puck.
2:32 of 2nd period - Snap shot by Nicolas Petan.
2:32 of 2nd period - Stopped by Louis Domingue with a rebound.
2:34 of 2nd period - Slapshot by Trevor Moore.
2:34 of 2nd period - Stopped by Louis Domingue without a rebound.
2:35 of 2nd period - Logan Brown wins face-off versus Axel Holmstrom in Gulls zone.
2:42 of 2nd period - Wrist shot by Logan Brown.
2:42 of 2nd period - Stopped by Thatcher Demko without a rebound.
2:43 of 2nd period - Axel Holmstrom wins face-off versus Logan Brown in Canucks zone.
3:10 of 2nd period - Troy Terry is hit by Adam Ollas-Mattsson.
3:32 of 2nd period - William Lockwood is hit by Scott Wilson and loses puck.
3:41 of 2nd period - Icing by Dan Renouf.
3:42 of 2nd period - Logan Brown wins face-off versus Aleksi Heponiemi in Canucks zone.
3:43 of 2nd period - Snap shot by Jakub Vrana.
3:43 of 2nd period - Shot Misses the Net.
3:53 of 2nd period - Slapshot by Aleksi Heponiemi.
3:53 of 2nd period - Deflect By William Lockwood.
3:53 of 2nd period - Shot Misses the Net.
3:53 of 2nd period - Puck is out of play.
3:54 of 2nd period - Morgan Frost wins face-off versus Nicolas Petan in Gulls zone.
3:54 of 2nd period - Morgan Frost is hit by Daniil Miromanov.
4:06 of 2nd period - Wrist shot by Curtis Lazar.
4:06 of 2nd period - Shot Misses the Net.
4:08 of 2nd period - Wrist shot by Curtis Lazar.
4:08 of 2nd period - Goal by Curtis Lazar - Gulls : 0 - Canucks : 2.
4:09 of 2nd period - Nicolas Petan wins face-off versus Logan Brown in neutral zone.
4:14 of 2nd period - Backhand shot by Nicolas Petan.
4:14 of 2nd period - Deflect By Curtis Lazar.
4:14 of 2nd period - Stopped by Louis Domingue without a rebound.
4:15 of 2nd period - Curtis Lazar wins face-off versus Logan Brown in Gulls zone.
4:22 of 2nd period - Snap shot by Nicolas Petan.
4:22 of 2nd period - Stopped by Louis Domingue without a rebound.
4:23 of 2nd period - Morgan Frost wins face-off versus Nicolas Petan in Gulls zone.
4:30 of 2nd period - Snap shot by Sergey Tolchinsky.
4:30 of 2nd period - Shot Misses the Net.
4:32 of 2nd period - Slapshot by Troy Terry.
4:32 of 2nd period - Stopped by Thatcher Demko without a rebound.
4:33 of 2nd period - Nicolas Petan wins face-off versus Morgan Frost in Canucks zone.
5:00 of 2nd period - Wrist shot by Nicolas Petan.
5:00 of 2nd period - Stopped by Louis Domingue without a rebound.
5:01 of 2nd period - Logan Brown wins face-off versus Axel Holmstrom in Gulls zone.
5:15 of 2nd period - Minor Penalty to Juho Lammikko for Cross-checking.
5:16 of 2nd period - Nicolas Petan wins face-off versus Logan Brown in Canucks zone.
6:14 of 2nd period - Logan Brown is hit by Daniil Miromanov and loses puck.
7:15 of 2nd period - Penalty to Juho Lammikko is over, Juho Lammikko is back on ice.
8:19 of 2nd period - Slapshot by William Lockwood.
8:19 of 2nd period - Shot Blocked by Dylan DeMelo.
9:02 of 2nd period - Aleksi Heponiemi is hit by Barrett Hayton and loses puck.
9:31 of 2nd period - Daniil Miromanov is hit by Scott Wilson.
9:48 of 2nd period - Snap shot by Tobias Lindberg.
9:48 of 2nd period - Stopped by Louis Domingue with a rebound.
10:17 of 2nd period - Scott Wilson is hit by C.J. Smith and loses puck.
11:02 of 2nd period - Francis Perron is hit by Will Borgen and loses puck.
11:07 of 2nd period - Snap shot by Juho Lammikko.
11:07 of 2nd period - Shot Misses the Net.
11:21 of 2nd period - Morgan Frost is hit by C.J. Smith and loses puck.
11:26 of 2nd period - Wrist shot by C.J. Smith.
11:26 of 2nd period - Shot Blocked by Tarmo Reunanen.
11:28 of 2nd period - Backhand shot by Dan Renouf.
11:28 of 2nd period - Stopped by Louis Domingue without a rebound.
11:29 of 2nd period - Anton Blidh wins face-off versus Nicolas Petan in Gulls zone.
11:38 of 2nd period - Snap shot by Curtis Lazar.
11:38 of 2nd period - Stopped by Louis Domingue with a rebound.
11:40 of 2nd period - Snap shot by Nicolas Petan.
11:40 of 2nd period - Stopped by Louis Domingue without a rebound.
11:41 of 2nd period - Nicolas Petan wins face-off versus Logan Brown in Gulls zone.
12:10 of 2nd period - Snap shot by Juho Lammikko.
12:10 of 2nd period - Stopped by Louis Domingue without a rebound.
12:11 of 2nd period - Morgan Frost wins face-off versus Juho Lammikko in Gulls zone.
12:36 of 2nd period - Curtis Lazar is hit by Jack Glover and loses puck.
13:03 of 2nd period - Snap shot by Scott Wilson.
13:03 of 2nd period - Shot Misses the Net.
13:05 of 2nd period - Snap shot by Mikhail Maltsev.
13:05 of 2nd period - Stopped by Thatcher Demko without a rebound.
13:06 of 2nd period - Axel Holmstrom wins face-off versus Troy Terry in Canucks zone.
13:06 of 2nd period - Axel Holmstrom is hit by Troy Terry.
13:20 of 2nd period - Snap shot by Sergey Tolchinsky.
13:20 of 2nd period - Shot Blocked by Juho Lammikko.
13:44 of 2nd period - Wrist shot by Luke Kunin.
13:44 of 2nd period - Shot Blocked by Dan Renouf.
14:02 of 2nd period - Wrist shot by Nicolas Petan.
14:02 of 2nd period - Stopped by Louis Domingue with a rebound.
14:04 of 2nd period - Slapshot by Dan Renouf.
14:04 of 2nd period - Shot Blocked by Jakub Vrana.
14:06 of 2nd period - Slapshot by Adam Ollas-Mattsson.
14:06 of 2nd period - Stopped by Louis Domingue without a rebound.
14:07 of 2nd period - Morgan Frost wins face-off versus Aleksi Heponiemi in Gulls zone.
14:07 of 2nd period - Morgan Frost is hit by C.J. Smith.
14:15 of 2nd period - Wrist shot by C.J. Smith.
14:15 of 2nd period - Shot Misses the Net.
14:17 of 2nd period - Wrist shot by William Lockwood.
14:17 of 2nd period - Shot Misses the Net.
14:19 of 2nd period - Snap shot by Daniil Miromanov.
14:19 of 2nd period - Shot Misses the Net.
14:21 of 2nd period - Slapshot by Daniil Miromanov.
14:21 of 2nd period - Shot Misses the Net.
14:29 of 2nd period - Minor Penalty to Sergey Tolchinsky for Slashing.
14:30 of 2nd period - Nicolas Petan wins face-off versus Luke Kunin in Gulls zone.
14:41 of 2nd period - Slapshot by Adam Ollas-Mattsson.
14:41 of 2nd period - Shot Blocked by Anton Blidh.
14:43 of 2nd period - Wrist shot by Curtis Lazar.
14:43 of 2nd period - Stopped by Louis Domingue with a rebound.
14:45 of 2nd period - Wrist shot by Nicolas Petan.
14:45 of 2nd period - Stopped by Louis Domingue with a rebound.
14:47 of 2nd period - Slapshot by Dan Renouf.
14:47 of 2nd period - Goal by Dan Renouf - Gulls : 0 - Canucks : 3.
14:48 of 2nd period - Nicolas Petan wins face-off versus Logan Brown in neutral zone.
15:14 of 2nd period - Anton Blidh is hit by Adam Ollas-Mattsson and loses puck.
15:22 of 2nd period - Off-side.
15:23 of 2nd period - Sergey Tolchinsky wins face-off versus Nicolas Petan in neutral zone.
15:30 of 2nd period - Snap shot by Sergey Tolchinsky.
15:30 of 2nd period - Goal by Sergey Tolchinsky - Gulls : 1 - Canucks : 3.
15:31 of 2nd period - Nicolas Petan wins face-off versus Jakub Vrana in neutral zone.
15:46 of 2nd period - Wrist shot by Logan Brown.
15:46 of 2nd period - Stopped by Thatcher Demko without a rebound.
15:47 of 2nd period - Axel Holmstrom wins face-off versus Morgan Frost in Canucks zone.
16:20 of 2nd period - Snap shot by Dan Renouf.
16:20 of 2nd period - Goal by Dan Renouf - Gulls : 1 - Canucks : 4.
16:21 of 2nd period - Trevor Moore wins face-off versus Logan Brown in neutral zone.
16:30 of 2nd period - Snap shot by Logan Brown.
16:30 of 2nd period - Shot Blocked by Adam Ollas-Mattsson.
16:32 of 2nd period - Snap shot by Logan Brown.
16:32 of 2nd period - Shot Blocked by Trevor Moore.
16:34 of 2nd period - Wrist shot by Anton Blidh.
16:34 of 2nd period - Shot Misses the Net.
16:36 of 2nd period - Slapshot by Andrei Mironov.
16:36 of 2nd period - Shot Blocked by Dan Renouf.
16:51 of 2nd period - Andrei Mironov is hit by Axel Holmstrom and loses puck.
17:14 of 2nd period - Wrist shot by Scott Wilson.
17:14 of 2nd period - Shot Misses the Net.
17:58 of 2nd period - Snap shot by Francis Perron.
17:58 of 2nd period - Stopped by Thatcher Demko with a rebound.
18:24 of 2nd period - Slapshot by Dylan DeMelo.
18:24 of 2nd period - Shot Blocked by William Lockwood.
18:26 of 2nd period - Slapshot by Jack Glover.
18:26 of 2nd period - Stopped by Thatcher Demko with a rebound.
18:28 of 2nd period - Slapshot by Nick Merkley.
18:28 of 2nd period - Stopped by Thatcher Demko with a rebound.
18:30 of 2nd period - Slapshot by Dylan DeMelo.
18:30 of 2nd period - Stopped by Thatcher Demko without a rebound.
18:31 of 2nd period - Nicolas Petan wins face-off versus Logan Brown in Canucks zone.
19:12 of 2nd period - Snap shot by Nicolas Petan.
19:12 of 2nd period - Shot Blocked by Dean Kukan.
19:52 of 2nd period - Snap shot by Curtis Lazar.
19:52 of 2nd period - Stopped by Louis Domingue with a rebound.
19:54 of 2nd period - Slapshot by Curtis Lazar.
19:54 of 2nd period - Stopped by Louis Domingue without a rebound.
19:55 of 2nd period - Logan Brown wins face-off versus Axel Holmstrom in Gulls zone.
Goals for this period are 1 for Gulls vs 3 for Canucks.
Shots for this period are 9 for Gulls vs 20 for Canucks.
3rd period
0:01 of 3rd period - Logan Brown wins face-off versus Axel Holmstrom in neutral zone.
0:05 of 3rd period - Minor Penalty to Axel Holmstrom for Cross-checking.
0:06 of 3rd period - Nicolas Petan wins face-off versus Logan Brown in Canucks zone.
0:06 of 3rd period - Nicolas Petan is hit by Andrei Mironov.
0:18 of 3rd period - Slapshot by Dean Kukan.
0:18 of 3rd period - Stopped by Thatcher Demko without a rebound.
0:19 of 3rd period - Jakub Vrana wins face-off versus Trevor Moore in Canucks zone.
0:22 of 3rd period - Wrist shot by Jakub Vrana.
0:22 of 3rd period - Stopped by Thatcher Demko without a rebound.
0:23 of 3rd period - Nicolas Petan wins face-off versus Anton Blidh in Canucks zone.
1:27 of 3rd period - Guillaume Brisebois is hit by Sergey Tolchinsky and loses puck.
1:40 of 3rd period - Anton Blidh is hit by Trevor Moore and loses puck.
1:53 of 3rd period - Logan Brown is hit by Adam Ollas-Mattsson and loses puck.
2:05 of 3rd period - Penalty to Axel Holmstrom is over, Axel Holmstrom is back on ice.
2:27 of 3rd period - Snap shot by Mikhail Maltsev.
2:27 of 3rd period - Shot Misses the Net.
3:14 of 3rd period - Nicolas Petan is hit by Logan Brown and loses puck.
4:19 of 3rd period - Jakub Vrana is hit by Daniil Miromanov and loses puck.
4:34 of 3rd period - Snap shot by Jakub Vrana.
4:34 of 3rd period - Stopped by Thatcher Demko with a rebound.
4:36 of 3rd period - Slapshot by Tarmo Reunanen.
4:36 of 3rd period - Stopped by Thatcher Demko with a rebound.
4:38 of 3rd period - Slapshot by Anton Blidh.
4:38 of 3rd period - Stopped by Thatcher Demko without a rebound.
4:39 of 3rd period - Nicolas Petan wins face-off versus Morgan Frost in Canucks zone.
4:48 of 3rd period - Adam Ollas-Mattsson is hit by Morgan Frost and loses puck.
5:13 of 3rd period - Wrist shot by Juho Lammikko.
5:13 of 3rd period - Shot Misses the Net.
5:15 of 3rd period - Wrist shot by Mackenzie MacEachern.
5:15 of 3rd period - Shot Misses the Net.
5:17 of 3rd period - Snap shot by Axel Holmstrom.
5:17 of 3rd period - Stopped by Louis Domingue without a rebound.
5:18 of 3rd period - Morgan Frost wins face-off versus Axel Holmstrom in Gulls zone.
5:23 of 3rd period - Mackenzie MacEachern is hit by Jack Glover and loses puck.
5:36 of 3rd period - Jack Rathbone is hit by Troy Terry and loses puck.
6:05 of 3rd period - Icing by Jack Glover.
6:06 of 3rd period - Barrett Hayton wins face-off versus Aleksi Heponiemi in Gulls zone.
6:06 of 3rd period - Barrett Hayton is hit by William Lockwood.
6:46 of 3rd period - Snap shot by Nicolas Petan.
6:46 of 3rd period - Stopped by Louis Domingue without a rebound.
6:47 of 3rd period - Axel Holmstrom wins face-off versus Luke Kunin in Gulls zone.
6:55 of 3rd period - Icing by Scott Wilson.
6:56 of 3rd period - Luke Kunin wins face-off versus Axel Holmstrom in Gulls zone.
8:02 of 3rd period - Off-side.
8:03 of 3rd period - Nicolas Petan wins face-off versus Logan Brown in neutral zone.
8:06 of 3rd period - Dylan DeMelo is hit by Curtis Lazar and loses puck.
8:26 of 3rd period - Nicolas Petan is hit by Anton Blidh and loses puck.
8:37 of 3rd period - Snap shot by Anton Blidh.
8:37 of 3rd period - Shot Blocked by Trevor Moore.
8:59 of 3rd period - Snap shot by Anton Blidh.
8:59 of 3rd period - Shot Misses the Net.
9:23 of 3rd period - Wrist shot by Trevor Moore.
9:23 of 3rd period - Stopped by Louis Domingue without a rebound.
9:24 of 3rd period - Morgan Frost wins face-off versus Aleksi Heponiemi in Gulls zone.
9:24 of 3rd period - Morgan Frost is hit by C.J. Smith.
9:38 of 3rd period - Wrist shot by Troy Terry.
9:38 of 3rd period - Stopped by Thatcher Demko with a rebound.
9:55 of 3rd period - Snap shot by Juho Lammikko.
9:55 of 3rd period - Shot Misses the Net.
10:13 of 3rd period - Wrist shot by Mikhail Maltsev.
10:13 of 3rd period - Shot Blocked by Lane Pederson.
10:15 of 3rd period - Minor Penalty to Tobias Lindberg for Delaying the game.
10:16 of 3rd period - Morgan Frost wins face-off versus Nicolas Petan in Canucks zone.
12:15 of 3rd period - Penalty to Tobias Lindberg is over, Tobias Lindberg is back on ice.
12:28 of 3rd period - Minor Penalty to Nicolas Petan for Interference.
12:29 of 3rd period - Axel Holmstrom wins face-off versus Morgan Frost in Canucks zone.
12:29 of 3rd period - Axel Holmstrom is hit by Andrei Mironov.
12:39 of 3rd period - Slapshot by Andrei Mironov.
12:39 of 3rd period - Shot Misses the Net.
14:28 of 3rd period - Penalty to Nicolas Petan is over, Nicolas Petan is back on ice.
14:29 of 3rd period - Andrei Mironov is hit by Mackenzie MacEachern and loses puck.
14:34 of 3rd period - Snap shot by Nicolas Petan.
14:34 of 3rd period - Goal by Nicolas Petan - Gulls : 1 - Canucks : 5.
14:35 of 3rd period - Luke Kunin wins face-off versus Axel Holmstrom in neutral zone.
15:02 of 3rd period - Icing by Jakub Vrana.
15:03 of 3rd period - Nicolas Petan wins face-off versus Logan Brown in Gulls zone.
15:33 of 3rd period - Adam Ollas-Mattsson is hit by Logan Brown and loses puck.
15:42 of 3rd period - Slapshot by Anton Blidh.
15:42 of 3rd period - Shot Blocked by Trevor Moore.
15:44 of 3rd period - Slapshot by Dean Kukan.
15:44 of 3rd period - Shot Blocked by Dan Renouf.
15:46 of 3rd period - Slapshot by Andrei Mironov.
15:46 of 3rd period - Stopped by Thatcher Demko with a rebound.
15:56 of 3rd period - Snap shot by Jakub Vrana.
15:56 of 3rd period - Shot Misses the Net.
15:58 of 3rd period - Slapshot by Anton Blidh.
15:58 of 3rd period - Stopped by Thatcher Demko with a rebound.
16:00 of 3rd period - Slapshot by Andrei Mironov.
16:00 of 3rd period - Stopped by Thatcher Demko with a rebound.
16:02 of 3rd period - Slapshot by Dean Kukan.
16:02 of 3rd period - Stopped by Thatcher Demko with a rebound.
16:04 of 3rd period - Slapshot by Dean Kukan.
16:04 of 3rd period - Shot Blocked by Adam Ollas-Mattsson.
16:06 of 3rd period - Wrist shot by Jakub Vrana.
16:06 of 3rd period - Goal by Jakub Vrana - Gulls : 2 - Canucks : 5.
16:07 of 3rd period - Axel Holmstrom wins face-off versus Morgan Frost in neutral zone.
16:32 of 3rd period - Slapshot by William Lockwood.
16:32 of 3rd period - Stopped by Louis Domingue with a rebound.
17:35 of 3rd period - Wrist shot by Luke Kunin.
17:35 of 3rd period - Stopped by Thatcher Demko with a rebound.
17:37 of 3rd period - Backhand shot by Scott Wilson.
17:37 of 3rd period - Shot Misses the Net.
18:05 of 3rd period - Lane Pederson is hit by Tarmo Reunanen.
19:16 of 3rd period - Minor Penalty to Sergey Tolchinsky for Interference.
19:17 of 3rd period - Luke Kunin wins face-off versus Nicolas Petan in Gulls zone.
19:22 of 3rd period - Off-side.
19:23 of 3rd period - Nicolas Petan wins face-off versus Luke Kunin in neutral zone.
Goals for this period are 1 for Gulls vs 1 for Canucks.
Shots for this period are 12 for Gulls vs 5 for Canucks.